 Dungeon Crawl Stone Soup version 0.31-a0-188-g5e087ee2ca (webtiles) character file.

Game seed: 9532560490405268042

4 qw the Shooter (level 1, -1/12 HPs)
             Began as a Deep Elf Hunter on June 23, 2023.
             Slain by a jackal (3 damage)
             ... on level 1 of the Dungeon.
             The game lasted 00:00:02 (50 turns).

qw the Shooter (Deep Elf Hunter)                      Turns: 50, Time: 00:00:02

Health: -1/12      AC:  3    Str:  8    XL:     1   Next: 50%
Magic:  3/3        EV: 12    Int: 13    God:
Gold:   0          SH:  0    Dex: 18    Spells: 0/0 levels left

rFire   . . .        a - +0 shortbow
rCold   . . .        (shield currently unavailable)
rNeg    . . .        c - +0 leather armour
rPois   .            (no helmet)
rElec   .            (no cloak)
rCorr   .            (no gloves)
SInv    .            (no boots)
Will    .....        (no amulet)
Stlth   ++           (no ring)
HPRegen 0.22/turn    (no ring)
MPRegen 0.08/turn

%: no passive effects
@: no status effects
A: no striking features
a: no special abilities


You were on level 1 of the Dungeon.
You visited 1 branch of the dungeon, and saw 1 of its levels.


   Skills:
 - Level 1.5 Fighting
 + Level 5.6 Ranged Weapons
 - Level 2.4 Dodging
 - Level 1.2 Stealth


You couldn't memorise any spells.
You didn't know any spells.
Your spell library was empty.

Inventory:

Hand Weapons
 a - a +0 shortbow (weapon)
Armour
 c - a +0 leather armour (worn)
Scrolls
 b - a scroll of butterflies

Dungeon Overview and Level Annotations

Branches:
Dungeon (1/15)

Altars:


Message History

You shoot an arrow. The arrow hits the hobgoblin.
The hobgoblin is severely wounded.
A dart slug comes into view.
You shoot an arrow. The arrow hits the hobgoblin.
You kill the hobgoblin!
You shoot an arrow. The arrow hits the dart slug.
The dart slug is lightly wounded.
The dart slug launches a dart at you. The slug dart hits you.
41 ||| FLEEEEING.
A jackal comes into view.
Found a puce potion.
The jackal barks!
You shoot an arrow. The arrow hits the dart slug!
The dart slug is almost dead.
A jackal comes into view.
You shoot an arrow. The arrow misses the jackal.
The arrow barely misses the jackal.
The jackal barks!
You shoot an arrow. The arrow hits the jackal!
You kill the jackal!
You shoot an arrow. The arrow closely misses the jackal.
You shoot an arrow. The arrow barely misses the jackal.
The jackal bites you but does no damage.
You shoot an arrow. The arrow barely misses the jackal.
The jackal bites you. The dart slug launches a dart at you.
The slug dart hits you. The jackal barely misses you.
You shoot an arrow. The arrow barely misses the jackal.
The jackal closely misses you.
You shoot an arrow.
The arrow completely misses the dart slug.
The jackal bites you but does no damage.
The jackal closely misses you. The dart slug launches a dart at you.
The slug dart hits you.
You shoot an arrow. The arrow hits the dart slug.
You kill the dart slug!
The jackal bites you.
You die...

##########.#.....#...#.#.
.>................#.# ..#
#...########...#...# ....
#.#..#######....#..#.%.
#.##.........#...###.. ..
#.#########...#..#..#...#
#.# #....###...#.# #.#
#...#...#...# #.#
##.#..@%.# #.# #.....h..#
#.#.....#..# #..#...#...#
#...###...#.# #..#
..#...# #.# ##..... #.
...!


You could see a jackal.

Vanquished Creatures
  A dart slug (D:1)
  A hobgoblin (D:1)
  A jackal (D:1)
  A quokka (D:1)
4 creatures vanquished.

Notes
Turn   | Place    | Note
-------+----------+-------------------------------------------
     0 | D:1      | qw the Deep Elf Hunter began the quest for the Orb.
     0 | D:1      | Reached XP level 1. HP: 12/12 MP: 3/3
     0 | D:1      | 0 ||| qw: Version: 0.3-a-9-g12657ce
     0 | D:1      | 0 ||| qw: Game counter: 4179
     0 | D:1      | 0 ||| qw: Always use a shield: true
     0 | D:1      | 0 ||| qw: God list: Okawaru
     0 | D:1      | 0 ||| qw: Allow faded altars: false
     0 | D:1      | 0 ||| qw: Do Orc after D:15 true
     0 | D:1      | 0 ||| qw: Do second Lair branch before Depths: true
     0 | D:1      | 0 ||| qw: Lair rune preference: random
     0 | D:1      | 0 ||| qw: Plans: Normal
     0 | D:1      | 0 ||| PLANNING D:1-11
    41 | D:1      | 41 ||| FLEEEEING.
    49 | D:1      | HP: 2/12 [dart slug/slug dart (4)]
    50 | D:1      | Slain by a jackal

Levels and vault maps discovered:
D:1:      saegor_arrival_simple_b, layout_basic, minmay_splitting_lines,
          serial_bayou_pond_e, item_on_display_b

Action                     || total
---------------------------++-------
   Fire: Shortbow          ||    15
 Armour: Leather armour    ||     2
  Dodge: Dodged            ||     3

Table legend:
 A = Non-vault XP
 B = Vault XP
 C = Vault XP percentage of total XP
 D = Non-vault monster count
 E = Vault monster count
 F = Vault count percentage of total count
                 A         B        C        D         E       F
            +---------+---------+-------+---------+---------+-------
      Total |      10 |       0 |   0.0 |       4 |       0 |   0.0
            +---------+---------+-------+---------+---------+-------
        D:1 |      10 |       0 |   0.0 |       4 |       0 |   0.0
            +---------+---------+-------+---------+---------+-------
